 Dungeon Crawl Stone Soup version 0.15.0-23-gc2b521c (webtiles) character file.

149 tkappleton the Vexing (level 5, -4/35 HPs)
             Began as a Formicid Enchanter on Sept 8, 2014.
             Slain by an orc
             ... wielding a +0 flail
              (6 damage)
             ... on Level 4 of the Dungeon on Sept 9, 2014.
             The game lasted 00:21:44 (3245 turns).

tkappleton the Vexing (Formicid Enchanter)          Turns: 3245, Time: 00:21:45

HP  -4/35        AC  3     Str 13      XL: 5   Next: 56%
MP  11/13        EV 11     Int 15      God:
Gold 87          SH  0     Dex 11      Spells:  3 memorised,  5 levels left

rFire  + . .     SeeInvis +     a - +1 dagger
rCold  . . .     Clarity  +     q - +0 leather armour {rF+}
rNeg   . . .     rCorr    .     (no shield)
rPois  .         rRot     .     (helmet unavailable)
rElec  .         Spirit   .     (no cloak)
SustAb .         Warding  .     (no gloves)
rMut   .         Stasis   +     (no boots)
Gourm  .                        h - amulet of clarity
MR     .....                    (no ring)
                                (no ring)

@: not resistant to hostile enchantments, unstealthy
A: permanent stasis, dig shafts and tunnels, four strong arms, antennae 3
a: Dig, Shaft Self


You were on level 4 of the Dungeon.
You were not hungry.

You visited 1 branch of the dungeon, and saw 4 of its levels.

You collected 87 gold pieces.

Inventory:

Hand weapons
 a - a +1 dagger (weapon)
 b - a +0 hunting sling
 e - a +0 short sword
Missiles
 f - 66 stones (quivered)
 m - 26 sling bullets
Armour
 l - a +1 robe
 q - a +0 leather armour of fire resistance (worn)
 s - the -2 robe of Sloth {Str+2 Dex-4}
   (You found it on level 4 of the Dungeon)

   It affects your strength (+2).
   It affects your dexterity (-4).
Comestibles
 d - 2 bread rations
 g - a beef jerky
Scrolls
 p - 2 scrolls of remove curse
Jewellery
 h - an amulet of clarity (around neck)
Books
 c - a book of Maledictions

   Spells                             Type                      Level
   *Corona                            Hexes                        1
   *Sure Blade                        Hexes/Charms                 2
   Ensorcelled Hibernation            Hexes/Ice                    2
   *Confuse                           Hexes                        3
   Dazzling Spray                     Conjuration/Hexes            3
   Enslavement                        Hexes                        4


   Skills:
 + Level 2.8 Short Blades
 - Level 1.7 Dodging
 - Level 3.6 Stealth
 + Level 3.5 Spellcasting
 + Level 5.0 Hexes


You had 5 spell levels left.
You knew the following spells:

 Your Spells              Type           Power        Failure   Level  Hunger
a - Corona                Hex            ###....      2%          1    None
b - Sure Blade            Hex/Chrm       ##........   12%         2    ##.....
c - Confuse               Hex            ###.....     10%         3    ###....


Dungeon Overview and Level Annotations

Branches:
Dungeon (4/15)
 Temple: D:4-7

Altars:
Dithmenos
Okawaru

Annotations:
D:2 Sigmund
D:3 Grinder


Innate Abilities, Weirdness & Mutations

Your are under a permanent stasis effect.
You can dig through walls and to a lower floor.
Your four strong arms can wield two-handed weapons with a shield.
You have a pair of large antennae on your head (SInv).


Message History

The quokka is moderately wounded.
The orc misses you. The quokka closely misses you.
You completely miss the quokka.
The quokka is moderately wounded.
The orc hits you with a flail.
* * * LOW HITPOINT WARNING * * *
The quokka bites you.
* * * LOW HITPOINT WARNING * * *
You barely miss the quokka.
The quokka is moderately wounded.
The quokka bites you.
* * * LOW HITPOINT WARNING * * *
The orc misses you.
You hit the quokka.
The quokka is severely wounded.
The quokka misses you.
You hit the quokka but do no damage.
The quokka is severely wounded.
The orc hits you with a flail.
You die...

#....#+####'###
##...#. #....'......#
#...#. #....#......+
+...'. #....#..###.#
##...##
......##..###.#
#......
......+.....+.. +
#...... .....#+##'##+#
.# +...... ##+#
#r##.##..# #......
+.@oo'...# ##....#
#...####'###.# +....+
........(.# #+##....#
.......(..# #.....###
...$.....+ +.....'.'
.........# #.....###
###+#....##+##########
+.........'..'....
#.........########


You could see 2 orcs and a quokka.

Vanquished Creatures
  An orc wizard (D:4)
  A worker ant (D:4)
  4 adders
  A worm (D:4)
  An adder skeleton (D:4)
  2 giant geckos
  2 orcs (D:4)
  4 giant cockroaches
  4 goblins
  6 hobgoblins
  4 kobolds
  6 bats
  3 giant newts (D:1)
  7 jackals (D:1)
  2 rats
48 creatures vanquished.

Notes
Turn   | Place    | Note
--------------------------------------------------------------
     0 | D:1      | tkappleton, the Formicid Enchanter, began the quest for the Orb.
     0 | D:1      | Reached XP level 1. HP: 13/13 MP: 3/3
   358 | D:1      | Reached XP level 2. HP: 17/19 MP: 3/5
   395 | D:1      | Learned a level 2 spell: Sure Blade
   537 | D:1      | Reached skill level 4 in Hexes
   782 | D:1      | Reached XP level 3. HP: 22/24 MP: 4/7
  1399 | D:2      | Found an iron altar of Okawaru.
  1442 | D:2      | Learned a level 3 spell: Confuse
  1497 | D:2      | Noticed Sigmund
  1825 | D:3      | Reached XP level 4. HP: 23/30 MP: 7/9
  2060 | D:3      | Noticed Grinder
  2405 | D:4      | Reached XP level 5. HP: 30/35 MP: 11/13
  2546 | D:4      | Found a shadowy altar of Dithmenos.
  2987 | D:4      | Got a wizard robe
  3073 | D:4      | Identified the cursed -2 robe of Sloth {Str+2 Dex-4} (You found it on level 4 of the Dungeon)
  3230 | D:4      | Reached skill level 5 in Hexes
  3245 | D:4      | Slain by an orc

Action                   |  1- 3 |  4- 6 || total
-------------------------+-------+-------++-------
Melee: Dagger            |    99 |    94 ||   193
 Fire: Hunting sling     |    27 |    18 ||    45
 Cast: Corona            |    34 |    20 ||    54
       Confuse           |       |     3 ||     3
  Use: Scroll            |     2 |     2 ||     4
       Potion            |     1 |     2 ||     3
 Stab: Confused          |       |     3 ||     3
  Eat: Chunk             |     2 |     4 ||     6
       Bread ration      |       |     1 ||     1
